 Dungeon Crawl Stone Soup version 0.29.1-2-gbd0b4ee654 (webtiles) character file.

Game seed: 5443609295006968925

5595 Descartes the Placeless Spriggan (level 10, -5/48 HPs)
             Began as a Spriggan Wanderer on Nov 17, 2022.
             Was an Initiate of Gozag.
             Shot with an arrow by a centaur warrior (21 damage)
             ... on level 8 of the Dungeon.
             The game lasted 00:22:43 (11825 turns).

Descartes the Placeless Spriggan (SpWn)            Turns: 11825, Time: 00:22:43

Health: -5/48      AC:  2    Str: 11    XL:     10   Next: 45%
Magic:  0/20       EV: 20    Int: 18    God:    Gozag
Gold:   1001       SH:  0    Dex: 12    Spells: 13/21 levels left

rFire   . . .      SeeInvis +   a - +7 sling of Chance {venom, Drain +Blink Fly rPois}
rCold   . . .      Faith    .   (no shield)
rNeg    . . .      Spirit   +   d - +0 robe
rPois   +          Reflect  .   (helmet restricted)
rElec   .          Harm     .   (no cloak)
rCorr   .          Rampage  .   (gloves unavailable)
Will    +....                   (boots unavailable)
Stlth   ++++......              h - amulet of guardian spirit
HPRegen 0.16/turn               (no ring)
MPRegen 0.17/turn               (no ring)

@: portalling projectiles, flying, very quick
A: very small, no large weapons, unfitting armour, see invisible, speed 3
a: Renounce Religion, Evoke Blink, Potion Petition, Call Merchant, Bribe Branch


You were on level 8 of the Dungeon.
You worshipped Gozag.
Gozag was most pleased with you.
You visited 2 branches of the dungeon, and saw 10 of its levels.

You collected 1068 gold pieces.
You paid 67 gold pieces to Gozag.

Inventory:

Hand Weapons
 a - the +7 sling of Chance (weapon) {venom, Drain +Blink Fly rPois}
   (You found it on level 2 of the Dungeon)

   Any ammunition fired from it poisons the flesh of those it strikes.
   rPois:     It protects you from poison.
   Fly:       It grants you flight.
   +Blink:    It lets you blink.
   Drain:     It drains your maximum health when unequipped.
 k - a +0 short sword of venom
 w - the +3 sling of Conformity {freeze, SInv}
   (You found it on level 5 of the Dungeon)

   Any ammunition fired from it freezes those it strikes, dealing additional
   cold damage.
   It can also slow down cold-blooded creatures.
   SInv:      It lets you see invisible.
Missiles
 n - 8 poisoned darts
 z - 5 datura-tipped darts
 D - 2 boomerangs
 H - a curare-tipped dart
Armour
 d - a +0 robe (worn)
 y - a +0 buckler
Jewellery
 h - an amulet of guardian spirit (around neck)
 u - a ring of flight
Wands
 v - a wand of roots (17)
Scrolls
 b - a scroll of vulnerability {unknown}
 i - 4 scrolls of teleportation
 l - a scroll of identify
 q - a scroll of magic mapping {unknown}
 s - 3 scrolls of poison
 t - 2 scrolls of enchant armour
 x - 2 scrolls of fog
 A - 3 scrolls of blinking {unknown}
 B - a scroll of brand weapon {unknown}
 C - a scroll of immolation {unknown}
 E - 3 scrolls of amnesia
 I - a scroll of acquirement {unknown}
 J - a scroll of noise {unknown}
Potions
 c - 2 potions of berserk rage
 e - 4 potions of attraction
 f - a potion of might {unknown}
 g - 5 potions of magic {unknown}
 j - 3 potions of curing
 m - 2 potions of lignification {unknown}
 o - 3 potions of resistance {unknown}
 p - 3 potions of mutation {unknown}
 r - 5 potions of degeneration {unknown}
 F - a potion of ambrosia {unknown}
 G - a potion of flight {unknown}


   Skills:
 + Level 2.9 Fighting
 - Level 0.4 Short Blades
 * Level 7.1 Ranged Weapons
 + Level 7.7 Dodging
 + Level 7.9 Stealth
 - Level 1.0 Unarmed Combat
 + Level 6.2 Spellcasting
 + Level 3.8 Conjurations
 + Level 8.7 Translocations
 + Level 4.1 Poison Magic
 + Level 6.6 Evocations


You had 13 spell levels left.
You knew the following spells:

 Your Spells              Type           Power      Damage    Failure   Level
a - Apportation           Tloc           74%        N/A       1%          1
b - Olgreb's Toxic Radia  Pois           20%        N/A       22%         4
c - Portal Projectile     Hex/Tloc       42%        N/A       6%          3

Your spell library contained the following spells:

 Spells                   Type           Power      Damage    Failure   Level
 Gell's Gravitas          Tloc           37%        N/A       1%          3
 Lesser Beckoning         Tloc           37%        N/A       1%          3
 Teleport Other           Tloc           37%        N/A       1%          3
 Sting                    Tmut/Pois      52%        1d5       4%          1
 Poisonous Vapours        Pois/Air       26%        N/A       8%          2
 Iskenderun's Mystic Bla  Conj/Tloc      28%        2d7       9%          4
 Necrotise                Necr           20%        1d5       12%         1
 Summon Small Mammal      Summ           20%        N/A       12%         1
 Call Canine Familiar     Summ           5%         N/A       34%         3
 Ozocubu's Armour         Ice            5%         N/A       34%         3
 Leda's Liquefaction      Hex/Erth       2%         N/A       75%         4
 Metabolic Englaciation   Hex/Ice        2%         N/A       97%         5
 Simulacrum               Ice/Necr       Unusable   N/A       N/A         6

Dungeon Overview and Level Annotations

Branches:
Dungeon (9/15)             Temple (1/1) D:5
   Lair: D:8-11         Orc: D:9-12

Altars:
Ashenzari
Cheibriados
Dithmenos
Elyvilon
Gozag
Hepliaklqana
Kikubaaqudgha
Makhleb
Nemelex Xobeh
Okawaru
Qazlal
Ru
Sif Muna
Trog
Vehumet
Wu Jian
Xom
Yredelemnul
Zin

Shops:
D:4 (

Annotations:
D:7 AllIsDust's ghost, novice SpHu
D:8 3 runed translucent doors, kalagan's ghost, novice DECj


Innate Abilities, Weirdness & Mutations

You are very small and have problems with some larger weapons.
You are too small for most types of armour.
You have supernaturally acute eyesight. (SInv)
You cover ground extremely quickly. (Speed+++)


Message History

There is a stone staircase leading up here.
A centaur warrior is nearby!
Casting: Olgreb's Toxic Radiance (quite dangerous; 22% risk of failure)
Confirm with . or Enter, or press ? or * to list all spells.
You begin teleporting projectiles to their destination.
The centaur warrior shouts!
The centaur warrior shoots an arrow.
The arrow hits you!
Casting: Portal Projectile (dangerous; 6% risk of failure)
Confirm with . or Enter, or press ? or * to list all spells.
You renew your portal.
Casting: Portal Projectile (dangerous; 6% risk of failure)
Confirm with . or Enter, or press ? or * to list all spells.
You renew your portal.
You magically shoot a sling bullet.
The sling bullet barely misses the centaur warrior.
The centaur warrior shoots an arrow.
The arrow closely misses you.
You magically shoot a sling bullet.
The sling bullet hits the centaur warrior.
The centaur warrior is poisoned.
The centaur warrior is lightly wounded.
You magically shoot a sling bullet.
The sling bullet hits the centaur warrior!
The centaur warrior looks even sicker.
The centaur warrior is moderately wounded.
The centaur warrior shoots an arrow.
The arrow closely misses you.
The centaur warrior shoots an arrow.
The arrow barely misses you.
The centaur warrior unwields a +0 shortbow.
The centaur warrior hits you. The centaur warrior closely misses you.
You magically shoot a sling bullet.
The sling bullet hits the centaur warrior!
The centaur warrior looks as sick as possible!
The centaur warrior is moderately wounded.
The centaur warrior hits you but does no damage.
The centaur warrior barely misses you.
The centaur warrior wields a +0 shortbow.
The centaur warrior shoots an arrow.
The arrow misses you.
The centaur warrior shoots an arrow.
The arrow hits you!!
The centaur warrior shoots an arrow.
The arrow hits you!!
You die...
Your body crumbles into a pile of gold.

.....## #.### #..### ##.## #..#
#... ##.## #... #..#### #...
##.##.# #### #... ##...## #..##
#.## ##..).# ##...######## ##.#
#....## #..c...@....#### #..#
###...#
##...#######....#####.##
##....###....#.....#.##....##.#
.......#.....#.....#.#####.##.#
.............#.._..[.# #.##.#
......#).....#.....#)## #....#
.....###.....#.....#..# ###..#
.....# ##...)#######.)# #..#
.....####.........)..)# #..#


You could see a centaur warrior (extremely poisoned).

Vanquished Creatures
  A two-headed ogre (D:8)
  A tengu warrior (D:7)
  A hornet (D:8)
  A yak (D:8)
  3 wyverns
  A steam dragon (D:8)
  A vampire mosquito (D:8)
  3 water moccasins
  4 ice beasts
  2 black bears
  An orc warrior (D:7)
  2 centaurs (D:8)
  2 phantoms (D:4)
  2 kobold brigands (D:8)
  6 bullfrogs
  4 scorpions
  A necrophage (D:6)
  8 wights
  3 howler monkeys
  A jelly (D:6)
  5 orc priests
  5 hounds
  4 iguanas
  Terence (D:2)
  4 orc wizards
  Robin (D:2)
  3 gnolls (D:3)
  10 adders
  2 shadow imps (D:6)
  A white imp (D:7)
  An ufetubus (D:7)
  A worm (D:3)
  6 dart slugs
  22 orcs
  7 ball pythons
  6 bats
  10 endoplasms
  6 giant cockroaches
  10 goblins
  11 hobgoblins
  6 jackals (D:2)
  5 quokkas
  4 frilled lizards
  12 kobolds
  A rat (D:1)
192 creatures vanquished.

Vanquished Creatures (others)
  6 fungi (D:5)
  11 plants (D:8)
17 creatures vanquished.

Grand Total: 209 creatures vanquished

Notes
Turn   | Place    | Note
-------+----------+-------------------------------------------
     0 | D:1      | Descartes the Spriggan Wanderer began the quest for the
                  | Orb.
     0 | D:1      | Descartes set off with the following items: a +0 club, a
                  | scroll of teleportation, a potion of berserk rage, a +0
                  | robe, a potion of attraction; and the following spell
                  | memorised: Apportation; and the following spells available
                  | to memorise: Teleport Other, Iskenderun's Mystic Blast.
     0 | D:1      | Reached XP level 1. HP: 10/10 MP: 3/3
   471 | D:1      | You fall into a shaft and drop 1 floor!
   476 | D:2      | Identified the +7 sling of Chance {venom, Drain +Blink Fly
                  | rPois}
   525 | D:2      | Reached XP level 2. HP: 14/14 MP: 3/5
   541 | D:1      | Reached skill level 1 in Evocations
   881 | D:1      | Found a faded altar of an unknown god.
  1052 | D:2      | Reached skill level 1 in Stealth
  1100 | D:2      | Reached XP level 3. HP: 18/18 MP: 6/6
  1383 | D:2      | Noticed Robin
  1766 | D:2      | Killed Robin
  1767 | D:2      | Reached XP level 4. HP: 23/23 MP: 8/8
  1977 | D:2      | Noticed Terence
  1984 | D:2      | Killed Terence
  1985 | D:2      | Reached skill level 1 in Ranged Weapons
  1985 | D:2      | Reached skill level 5 in Translocations
  2120 | D:3      | Reached skill level 1 in Conjurations
  2257 | D:3      | Identified the +13 plate armour of Valour {*Corrode rPois
                  | rC+ Int+5}
  2302 | D:3      | Reached XP level 5. HP: 26/26 MP: 9/9
  2913 | D:4      | Reached XP level 6. HP: 30/30 MP: 9/11
  3202 | D:4      | Found Plog's Weapon Shoppe.
  3366 | D:4      | Reached XP level 7. HP: 25/34 MP: 9/12
  3467 | D:4      | Reached skill level 6 in Translocations
  3625 | D:5      | Entered Level 5 of the Dungeon
  3625 | D:5      | Found a staircase to the Ecumenical Temple.
  3754 | Temple   | Entered the Ecumenical Temple
  3893 | Temple   | Became a worshipper of Gozag Ym Sagoz the Greedy
  4075 | D:5      | Reached skill level 5 in Dodging
  4316 | D:5      | Identified the +3 sling of Conformity {freeze, SInv}
  4456 | D:5      | Reached skill level 1 in Poison Magic
  4846 | D:5      | Found the +7 Kryia's mail coat {PotionHeal*2 rC+}
  5096 | D:6      | Reached XP level 8. HP: 22/38 MP: 7/14
  5487 | D:6      | Reached skill level 5 in Stealth
  6065 | D:6      | Reached skill level 7 in Translocations
  6208 | D:6      | Reached skill level 5 in Ranged Weapons
  6746 | D:7      | Noticed AllIsDust's ghost (novice SpHu)
  6747 | D:7      | Found a runed translucent door.
  7187 | D:7      | Reached XP level 9. HP: 35/42 MP: 17/17
  7370 | D:7      | Reached skill level 5 in Evocations
  7640 | D:7      | Reached skill level 5 in Spellcasting
  8542 | D:8      | Noticed a centaur warrior
  9058 | D:8      | Found an ancient bone altar of Kikubaaqudgha.
  9094 | D:8      | Reached skill level 8 in Translocations
  9411 | D:8      | Noticed a manticore
  9418 | D:8      | Found a runed translucent gate.
  9418 | D:8      | Found a runed translucent gate.
  9418 | D:8      | Found a runed translucent gate.
  9421 | D:8      | Noticed kalagan's ghost (novice DECj)
  9679 | D:8      | Reached XP level 10. HP: 47/47 MP: 19/19
  9682 | D:8      | Noticed a two-headed ogre
  9696 | D:8      | Killed a two-headed ogre
 10120 | D:8      | Paralysed by a hornet for 3 turns
 10449 | D:7      | Learned a level 4 spell: Olgreb's Toxic Radiance
 11079 | D:8      | Noticed a tengu warrior
 11384 | D:7      | Killed a tengu warrior
 11389 | D:7      | Learned a level 3 spell: Portal Projectile
 11825 | D:8      | Shot with an arrow by a centaur warrior

Illustrated notes

Levels and vault maps discovered:
D:1:      beargit_arrival_greenhouse, layout_basic,
          chequers_ecumenical_altar_island
D:2:      layout_loops_ring, uniq_robin, uniq_terence
D:3:      layout_loops_cross, uniq_ijyb
D:4:      minmay_bubble_buster, layout_loops_ring, serial_shops,
          nicolae_shop_bloodbath_and_beyond
D:5:      layout_loops_corners, minmay_temple_entry_statues_pillars,
          serial_aquarium, aquarium_bridge_square [aquarium_subvault_window,
          aquarium_subvault_bridge, aquarium_subvault_window,
          aquarium_subvault_bridge], aquarium_window_fake,
          aquarium_window_corner, aquarium_window_1, aquarium_window_double,
          aquarium_view_2d
D:6:      layout_basic, minmay_misc_feat_five
D:7:      layout_basic, hellmonk_ghost_happy_afterlife
D:8:      layout_cave_pods, amcnicky_altar_gilded, gammafunk_ghost_split,
          minmay_shattered_shrine
D:9:      layout_rooms, nicolae_tso_carved_into_rock, tgw_fedhas
Temple:   nicolae_temple_bog_church

Skill      XL: |  1  2  3  4  5  6  7  8  9 10 |
---------------+-------------------------------+-----
Evocations     | 1 2 3 4 6 |  6.6
Stealth        | 1 2 3 4 5 7 |  7.9
Spellcasting   | 2 3 4 5 6 |  6.2
Ranged Weapons | 1 2 3 4 5 6 7 |  7.1
Translocations | 5 6 7 8 |  8.7
Conjurations   | 1 2 3 |  3.8
Dodging        | 4 5 6 7 |  7.7
Poison Magic   | 1 2 3 4 |  4.1
Fighting       | 2 |  2.9
Short Blades   | |  0.4
Unarmed Combat | |  1.0

Action                   |  1- 3 |  4- 6 |  7- 9 | 10-12 || total
-------------------------+-------+-------+-------+-------++-------
Melee: Club              |    21 |       |       |       ||    21
 Fire: Sling             |    70 |   110 |   409 |    59 ||   648
 Cast: Portal Projectile |       |       |       |     3 ||     3
       Olgreb's Toxic Ra |       |       |       |     1 ||     1
Evoke: Wand              |       |       |     3 |     1 ||     4
  Use: Scroll            |       |       |     5 |       ||     5
       Potion            |       |       |     1 |       ||     1
Armor: Robe              |     9 |       |     3 |     2 ||    14
Dodge: Dodged            |    58 |    16 |   115 |    31 ||   220
